 Dungeon Crawl Stone Soup version 0.28.0-56-g4927b6849a (webtiles) character file.

Game seed: 9994493564606030233

28 NotaViper the Skirmisher (level 3, 0/31 HPs)
             Began as a Demonspawn Abyssal Knight on Feb 7, 2023.
             Was a Follower of Lugonu.
             Succumbed to an adder's poison
             ... on level 2 of the Dungeon on Feb 8, 2023.
             The game lasted 00:04:00 (1214 turns).

NotaViper the Skirmisher (DsAK)                     Turns: 1214, Time: 00:04:01

Health: 0/31       AC:  6    Str: 12 (15) XL:     3   Next: 0%
Magic:  5/5        EV: 10    Int:  9 (11) God:    Lugonu [*.....]
Gold:   40         SH:  0    Dex: 11 (13) Spells: 2/2 levels left

rFire   . . .      SeeInvis .   a - +1 falchion
rCold   . . .      Faith    .   (no shield)
rNeg    . . .      Spirit   .   c - +0 ring mail
rPois   .          Reflect  .   l - +1 hat
rElec   .          Harm     .   (no cloak)
rCorr   .          Rampage  .   (no gloves)
Will    .....                   (no boots)
Stlth   +.........              (no amulet)
HPRegen 0.10/turn               (no ring)
MPRegen 0.09/turn               (no ring)

@: lethally poisoned (0 -> -2), unable to read
A: demonic guardian 1, foul stench 1, robust 1, subdued magic 1, inability to
read while threatened
a: Renounce Religion, Depart the Abyss


You were on level 2 of the Dungeon.
You worshipped Lugonu.
Lugonu was aware of your devotion.
You visited 1 branch of the dungeon, and saw 2 of its levels.
You visited the Abyss 1 time.

You collected 40 gold pieces.

Inventory:

Hand Weapons
 a - a +1 falchion (weapon)
 e - a +0 club
 h - a +0 dagger
 i - a +0 dagger
 m - a +0 club
 n - a +0 war axe
Missiles
 d - 57 stones
 j - 45 bolts
 o - 14 arrows
Armour
 b - a +0 leather armour
 c - a +0 ring mail (worn)
 f - a +0 robe
 g - a +0 robe
 l - a +1 hat (worn)
Scrolls
 k - a scroll of teleportation {unknown}
 p - 2 scrolls of silence {unknown}
 r - a scroll of immolation {unknown}


   Skills:
 + Level 3.4 Fighting
 + Level 2.2 Long Blades
 + Level 2.0 Armour
 + Level 1.0 Dodging
 + Level 0.1 Stealth
 + Level 2.7 Invocations


You had 2 spell levels left.
You didn't know any spells.
Your spell library was empty.

Dungeon Overview and Level Annotations

Branches:
Dungeon (2/15)

Altars:


Innate Abilities, Weirdness & Mutations

A weak demonic guardian rushes to your aid.
You may rarely emit foul miasma when damaged in melee.
You are robust. (+10% HP)
Your spells are a little easier to cast, but a little less powerful.
You sometimes lose the ability to read scrolls when taking damage.


Message History

It was a potion of degeneration.
There was something very wrong with that liquid.
You feel weakened.
You feel dopey.
You feel clumsy. The hobgoblin hits you.
* * * LOW HITPOINT WARNING * * *
The adder closely misses you. The kobold closely misses you.
It was a potion of mutation.
You feel extremely strange.
You lose the ability to read scrolls when threatened.
You feel robust.
Your connection to magic feels subdued.
The adder misses you. The hobgoblin closely misses you.
The kobold hits you but does no damage.
You hit the hobgoblin.
The hobgoblin is severely wounded.
The adder bites you but does no damage. The hobgoblin barely misses you.
The kobold hits you with a +0 short sword.
* * * LOW HITPOINT WARNING * * *
The adder barely misses you.
The hobgoblin hits you but does no damage.
You hit the hobgoblin.
The hobgoblin is almost dead.
The kobold barely misses you. The adder bites you.
You feel threatened and lose the ability to read scrolls!
* * * LOW HITPOINT WARNING * * *
You are lethally poisoned!
The adder poisons you! The hobgoblin closely misses you.
The kobold barely misses you.
You hit the hobgoblin.
You kill the hobgoblin!
Lugonu accepts your kill.
* * * LOW HITPOINT WARNING * * *
You feel sick. The adder closely misses you. The adder misses you.
The kobold closely misses you.
You have reached level 3!
Your experience leads to an increase in your attributes!
Your base attributes are Str 13, Int 11, Dex 13.
Increase (S)trength, (I)ntelligence, or (D)exterity?
You feel stronger. x2; Your demonic ancestry asserts itself...
You feel the presence of a demonic guardian.
You miss the kobold.
You die...

#.#...........
......#.#...####
####.##.#...#....
........#.#...# ####
#............# #.^.
##.#....#...#.## #..#
#....#......#.#w#..#
+..#......#.#.##KS#
##.#.#.######.#.@#
#..#.##
#.#.#.........†##
#....##
##.#.##########..#
#....##
'.............##..#
#......
####.########.# #..#
#....#. #... #.# #..#
#...... ####.# #.#
#... #...... #
#.#############......
#..................#.


You could see an adder, a dart slug and a kobold.

Vanquished Creatures
  An adder (D:2)
  4 ball pythons
  An endoplasm (D:1)
  2 goblins (D:1)
  A hobgoblin (D:2)
  A quokka (D:1)
  A bat (D:1)
  A frilled lizard (D:1)
  2 kobolds (D:1)
  8 rats (D:1)
22 creatures vanquished.

Notes
Turn   | Place    | Note
-------+----------+-------------------------------------------
     0 | Abyss:1  | NotaViper the Demonspawn Abyssal Knight began the quest for
                  | the Orb.
     0 | Abyss:1  | Reached XP level 1. HP: 18/18 MP: 2/2
     3 | Abyss:2  | Found a corrupted altar of Lugonu.
    13 | D:1      | Escaped the Abyss
   384 | D:1      | Gained mutation: You may rarely emit foul miasma when
                  | damaged in melee. [demonic ancestry]
   384 | D:1      | Reached XP level 2. HP: 24/24 MP: 4/4
   408 | D:1      | Reached * piety under Lugonu
  1108 | D:2      | Reached skill level 1 in Dodging
  1210 | D:2      | Gained mutation: You sometimes lose the ability to read
                  | scrolls when taking damage. [potion of mutation]
  1210 | D:2      | Gained mutation: You are robust. (+10% HP) [potion of
                  | mutation]
  1210 | D:2      | Gained mutation: Your spells are a little easier to cast,
                  | but a little less powerful. [potion of mutation]
  1213 | D:2      | HP: 1/26 [poisoned by an adder]
  1214 | D:2      | Gained mutation: A weak demonic guardian rushes to your
                  | aid. [demonic ancestry]
  1214 | D:2      | Reached XP level 3. HP: 1/31 MP: 5/5
  1214 | D:2      | Succumbed to an adder's poison

Illustrated notes

Levels and vault maps discovered:
D:1:      dpeg_arrival_ratfight, layout_loops_ring
D:2:      minmay_diamond_boxcup, layout_basic, uniq_terence

Skill      XL: |  1  2 |
---------------+-------+-----
Long Blades    | 2 |  2.2
Armour         | 2 |  2.0
Dodging        | 1 |  1.0
Fighting       | |  3.4
Stealth        | |  0.1
Invocations    | |  2.7

Action                   || total
-------------------------++-------
Melee: Falchion          ||    60
Invok: Depart the Abyss  ||     1
  Use: Potion            ||     2
Armor: Leather armour    ||     7
       Ring mail         ||    20
Dodge: Dodged            ||    53
